 Dungeon Crawl Stone Soup version 0.31-a0-229-g1fc7ce93e2 (webtiles) character file.

Game seed: 1860648408952191668

63 qw the Shooter (level 4, -1/26 HPs)
             Began as a Gargoyle Hexslinger on July 6, 2023.
             Killed from afar by Sigmund (3 damage)
             ... with a magic dart
             ... on level 2 of the Dungeon.
             The game lasted 00:00:31 (1009 turns).

qw the Shooter (Gargoyle Hexslinger)                Turns: 1009, Time: 00:00:31

Health: -1/26      AC:  8    Str: 12    XL:     4   Next: 9%
Magic:  5/5        EV: 11    Int: 13    God:
Gold:   80         SH:  0    Dex: 14    Spells: 4/5 levels left

rFire   . . .        Y - +1 sling
rCold   . . .        (no shield)
rNeg    + . .        h - +0 leather armour
rPois   inf          (no helmet)
rElec   +            l - +1 cloak
rCorr   .            (no gloves)
SInv    .            (no boots)
Will    .....        (no amulet)
Stlth   +            (no ring)
HPRegen 0.24/turn    (no ring)
MPRegen 0.09/turn

%: no passive effects
@: no status effects
A: sickness immunity, AC +3, negative energy resistance 1, electricity
resistance, torment resistance 1, petrification resistance
a: no special abilities


You were on level 2 of the Dungeon.
You visited 1 branch of the dungeon, and saw 2 of its levels.

You collected 80 gold pieces.


Innate Abilities, Weirdness & Mutations

You are immune to sickness and miasma.
Your stone body is resilient. (AC +3)
You are immune to poison.
You resist negative energy. (rN+)
You are resistant to electric shocks. (rElec)
You are resistant to unholy torment.
You are immune to petrification.


   Skills:
 - Level 2.0 Fighting
 + Level 3.9 Ranged Weapons
 - Level 1.5 Dodging
 - Level 1.0 Spellcasting
 - Level 2.6 Hexes


You had 4 spell levels left.
You knew the following spells:

 Your Spells              Type           Power      Damage    Failure   Level
a - Slow                  Hex            28%        N/A       12%         1

Your spell library contained the following spells:

 Spells                   Type           Power      Damage    Failure   Level
 Inner Flame              Hex/Fire       4%         N/A       52%         3
 Portal Projectile        Hex/Tloc       8%         N/A       52%         3
 Cause Fear               Hex            3%         N/A       75%         4

Inventory:

Hand Weapons
 Y - a +1 sling (weapon)
Armour
 c - the +0 cloak of Chimes {rElec rF- Slay+6 Stlth+}
   (You found it on level 2 of the Dungeon)

   Slay:      It affects your accuracy & damage with ranged weapons and melee
   (+6).
   rF:        It makes you vulnerable to fire.
   rElec:     It insulates you from electricity.
   Stlth:     It makes you more stealthy.
 h - a +0 leather armour (worn)
 l - a +1 cloak (worn)
Scrolls
 a - 5 scrolls of identify
 b - a scroll of torment {unknown}
Potions
 f - 2 potions of magic {unknown}
 i - a potion of invisibility {unknown}
 j - a potion of lignification {unknown}
 k - a potion of haste {unknown}

Dungeon Overview and Level Annotations

Branches:
Dungeon (2/15)

Altars:

Annotations:
D:2 Sigmund


Message History

The sling bullet closely misses the bat.
The bat barely misses you.
You shoot a sling bullet.
The sling bullet closely misses the bat.
The sling bullet hits Sigmund but does no damage.
Sigmund is moderately wounded.
The bat barely misses you. Sigmund gestures at you while chanting.
You resist with some effort.
Sigmund says, "Your kind have come here before.
I understand now why.
You desire death..."
You shoot a sling bullet.
The sling bullet closely misses the bat.
The bat hits you but does no damage. x2
You shoot a sling bullet. The sling bullet hits the bat.
The bat is heavily wounded.
The bat completely misses you. Sigmund closely misses you.
You shoot a sling bullet.
The sling bullet hits Sigmund but does no damage.
Sigmund is moderately wounded.
The bat hits you but does no damage. Sigmund closely misses you.
You shoot a sling bullet. The sling bullet hits the bat.
You kill the bat!
Sigmund casts a spell at you. The puff of flame hits you!
You shoot a sling bullet. The sling bullet barely misses Sigmund.
Sigmund points at you and mumbles some strange words.
The puff of flame hits you.
Enter note:
Enter note:
Enter note:
Enter note:
Enter note:
Enter note:
1008 ||| UPGRADING to +0 cloak of Chimes {rElec rF- Slay+6 Stlth+}.
Sigmund gestures at you while chanting.
You stop removing your armour.
The puff of flame hits you!
1009 ||| UPGRADING to +0 cloak of Chimes {rElec rF- Slay+6 Stlth+}.
Sigmund points at you and mumbles some strange words.
You stop removing your armour.
The magic dart hits you.
You die...

######.[..########.....#
........### #.....#
##.....## ########.....#
.......# ##.....##.....#
..########.......#.#####
.## #..........# ##
#..........#
#..........#
#.......@.## #.........#
##.....)@## #.........
..........# ..
#.........# .#
......^..# .........#


You could see Sigmund.

Vanquished Creatures
  A gnoll (D:1)
  A worm (D:2)
  2 dart slugs
  5 endoplasms (D:1)
  6 giant cockroaches
  2 goblins (D:2)
  5 hobgoblins
  4 ball pythons
  6 bats
  2 frilled lizards (D:1)
  2 kobolds
  8 rats
44 creatures vanquished.

Notes
Turn   | Place    | Note
-------+----------+-------------------------------------------
     0 | D:1      | qw the Gargoyle Hexslinger began the quest for the Orb.
     0 | D:1      | Reached XP level 1. HP: 12/12 MP: 2/2
     0 | D:1      | 0 ||| qw: Version: 0.3-a-46-gb1f654a
     0 | D:1      | 0 ||| qw: Game counter: 1474
     0 | D:1      | 0 ||| qw: Melee chars always use a shield: true
     0 | D:1      | 0 ||| qw: God list: Okawaru
     0 | D:1      | 0 ||| qw: Allow faded altars: false
     0 | D:1      | 0 ||| qw: Do Orc after clearing Dungeon:15 true
     0 | D:1      | 0 ||| qw: Do second Lair branch before Depths: true
     0 | D:1      | 0 ||| qw: Lair rune preference: random
     0 | D:1      | 0 ||| qw: Goals: Normal
     0 | D:1      | 0 ||| PLANNING D:1-11
    61 | D:1      | Reached XP level 2. HP: 16/16 MP: 3/3
    80 | D:1      | Reached skill level 3 in Ranged Weapons
   253 | D:1      | Reached XP level 3. HP: 21/21 MP: 4/4
   531 | D:1      | 531 ||| UPGRADING to +0 leather armour.
   541 | D:1      | 541 ||| DROPPING +0 robe.
   542 | D:1      | 542 ||| UPGRADING to +1 cloak.
   547 | D:1      | 547 ||| READING scroll labelled QARUGO NUOXO.
   548 | D:1      | 548 ||| READING scroll labelled HOPHIL TAHUIH.
   549 | D:1      | 549 ||| READING scroll labelled UMOISHRACAO.
   550 | D:1      | 550 ||| DRINKING 2 sapphire potions.
   551 | D:1      | 551 ||| DROPPING scroll of poison.
   552 | D:1      | 552 ||| DROPPING potion of brilliance.
   588 | D:2      | 588 ||| STAIRDANCE
   699 | D:2      | Identified the +3 scale mail of Xethri {rElec Str+3}
   762 | D:2      | Identified the +0 cloak of Chimes {rElec rF- Slay+6 Stlth+}
   815 | D:2      | Reached XP level 4. HP: 26/26 MP: 5/5
   998 | D:2      | Noticed Sigmund
  1008 | D:2      | 1008 ||| UPGRADING to +0 cloak of Chimes {rElec rF- Slay+6
                  | Stlth+}.
  1008 | D:2      | HP: 2/26 [Sigmund/puff of flame (10)]
  1009 | D:2      | 1009 ||| UPGRADING to +0 cloak of Chimes {rElec rF- Slay+6
                  | Stlth+}.
  1009 | D:2      | Killed from afar by Sigmund

Levels and vault maps discovered:
D:1:      eino_arrival_water_star, layout_rooms, nicolae_figureground_sparkle
D:2:      layout_rooms, hangedman_decor_points, minmay_bisected, uniq_sigmund

Skill      XL: |  1  2 |
---------------+-------+-----
Ranged Weapons | 3 |  3.9
Fighting       | 2 |  2.0
Dodging        | |  1.5
Spellcasting   | |  1.0
Hexes          | |  2.6

Action                     |  1- 3 |  4- 6 || total
---------------------------+-------+-------++-------
   Fire: Sling             |    97 |    23 ||   120
    Use: Scroll            |     3 |       ||     3
         Potion            |     1 |       ||     1
 Armour: Robe              |     5 |       ||     5
         Leather armour    |    11 |     8 ||    19
  Dodge: Dodged            |    20 |     8 ||    28

Table legend:
 A = Non-vault XP
 B = Vault XP
 C = Vault XP percentage of total XP
 D = Non-vault monster count
 E = Vault monster count
 F = Vault count percentage of total count
                 A         B        C        D         E       F
            +---------+---------+-------+---------+---------+-------
      Total |      88 |       2 |   2.2 |      43 |       1 |   2.3
            +---------+---------+-------+---------+---------+-------
        D:1 |      54 |       0 |   0.0 |      27 |       0 |   0.0
        D:2 |      34 |       2 |   5.6 |      16 |       1 |   5.9
            +---------+---------+-------+---------+---------+-------
